 Dungeon Crawl Stone Soup version 0.29-a0-490-g77b3608 (webtiles) character file.

Game seed: 14909078288637241749

459 Toastz the Cudgeller (level 7, -3/56 HPs)
             Began as a Formicid Abyssal Knight on May 26, 2022.
             Was a Believer of Lugonu.
             Slain by a gnoll
             ... wielding a +0 flail
             ... led by a gnoll shaman
              (9 damage)
             ... on level 5 of the Dungeon.
             The game lasted 00:06:29 (4389 turns).

Toastz the Cudgeller (Formicid Abyssal Knight)      Turns: 4389, Time: 00:06:30

Health: -3/56      AC:  9    Str: 19    XL:     7   Next: 28%
Magic:  8/8        EV:  7    Int: 10    God:    Lugonu [**....]
Gold:   175        SH:  0    Dex: 11    Spells: 6/6 levels left

rFire   . . .      SeeInvis +   a - +1 mace
rCold   . . .      Faith    .   (no shield)
rNeg    . . .      Spirit   .   y - +0 chain mail
rPois   .          Reflect  .   (helmet unavailable)
rElec   .          Harm     .   (no cloak)
rCorr   .          Rampage  .   (no gloves)
Will    +....                   w - +0 pair of boots
Stlth   ..........              (no amulet)
HPRegen 0.18/turn               x - ring of willpower
MPRegen 0.11/turn               (no ring)

@: no status effects
A: permanent stasis, dig shafts and tunnels, antennae 3, four strong arms
a: Dig, Shaft Self, Renounce Religion, Depart the Abyss, Bend Space


You were on level 5 of the Dungeon.
You worshipped Lugonu.
Lugonu was pleased with you.
You visited 1 branch of the dungeon, and saw 5 of its levels.
You visited the Abyss 1 time.

You collected 263 gold pieces.
You spent 88 gold pieces at shops.

Inventory:

Hand Weapons
 a - a +1 mace (weapon)
 c - a +0 hand crossbow
Missiles
 e - 4 boomerangs
 h - 50 stones (quivered)
 q - 2 poisoned darts
Armour
 b - a +0 leather armour
 i - a +0 ring mail
 w - a +0 pair of boots (worn)
 y - a +0 chain mail (worn)
Jewellery
 x - a ring of willpower (left hand)
Scrolls
 d - 3 scrolls of immolation
 m - 3 scrolls of poison
 n - 4 scrolls of enchant weapon
 o - 2 scrolls of fog
 p - 3 scrolls of fear
 r - a scroll of enchant armour {unknown}
 u - 2 scrolls of identify
 v - a scroll of torment {unknown}
Potions
 f - a potion of curing {unknown}
 g - 2 potions of heal wounds {unknown}
 j - a potion of invisibility {unknown}
 k - a potion of magic
 l - a potion of mutation {unknown}
 s - 2 potions of attraction
 t - 2 potions of haste {unknown}
 z - 2 potions of degeneration {unknown}


   Skills:
 + Level 5.5 Fighting
 * Level 6.1 Maces & Flails
 + Level 2.3 Armour
 - Level 0.8 Dodging
 - Level 2.1 Invocations


You had 6 spell levels left.
You didn't know any spells.
Your spell library contained the following spells:

 Spells                   Type           Power      Damage    Failure   Level
 Static Discharge         Conj/Air       0%         N/A       100%        2
 Sublimation of Blood     Necr           0%         N/A       100%        2
 Wereblood                Tmut           0%         N/A       100%        2
 Gell's Gravitas          Tloc           0%         N/A       100%        3
 Ozocubu's Armour         Ice            0%         N/A       100%        3
 Teleport Other           Tloc           0%         N/A       100%        3
 Lightning Bolt           Conj/Air       0%         1d11      100%        5
 Dispersal                Tloc           0%         N/A       100%        6
 Ozocubu's Refrigeration  Ice            0%         4d5       100%        7
 Summon Hydra             Summ           0%         N/A       100%        7
 Maxwell's Capacitive Co  Air            0%         ∞         100%        8


Dungeon Overview and Level Annotations

Branches:
Dungeon (5/15)             Temple (0/1) D:5

Altars:

Shops:
D:2 ?*(


Innate Abilities, Weirdness & Mutations

You cannot be hasted, slowed, berserked, paralysed or teleported.
You can dig through walls and to a lower floor.
You have a pair of large antennae on your head. (SInv)
Your four strong arms can wield two-handed weapons with a shield.


Message History

The jelly is heavily wounded.
The jelly hits you.
You are splashed with acid!
You completely miss the jelly.
The jelly is heavily wounded.
The jelly hits you but does no damage.
You thump the jelly!
You kill the jelly!
Lugonu accepts your kill.
No target in view! 2 gnolls come into view.
You see here 14 gold pieces.
There are monsters nearby!
You throw a stone. The stone barely misses the gnoll.
You throw a stone.
The stone hits the gnoll but does no damage.
The gnoll hits you from afar with a +0 halberd!
You throw a stone. The stone hits the gnoll.
The gnoll is lightly wounded.
The gnoll hits you with a +0 flail!
The gnoll hits you from afar with a +0 halberd.
You barely miss the gnoll.
The gnoll is lightly wounded.
The gnoll hits you but does no damage.
The gnoll hits you from afar with a +0 halberd.
You barely miss the gnoll.
The gnoll is lightly wounded.
The gnoll closely misses you. The gnoll hits you with a +0 flail.
You hit the gnoll.
The gnoll is moderately wounded.
The gnoll hits you with a +0 flail!
The gnoll hits you from afar with a +0 halberd!
* * * LOW HITPOINT WARNING * * *
You sock the gnoll!
The gnoll is severely wounded.
The gnoll hits you but does no damage.
The gnoll hits you from afar with a +0 halberd.
* * * LOW HITPOINT WARNING * * *
Are you sure you want to shaft yourself?
The gnoll hits you with a +0 flail!
You die...

#. >...............|.
.#.#######..............
....................#.##
............).......#.##
..$.......###########..#
..........# ##.#
..........# #.#
.......$..# #..
.......@..# ##.
.######g..# #. #.g.# ##
#(..# ##. #...# ##..
#...# ##... #...# ##....
#(..# ##..... #......


You could see 2 gnolls.

Vanquished Creatures
  Sigmund (D:2)
  A scorpion (D:4)
  4 hounds
  A jelly (D:5)
  An orc wizard (D:5)
  An adder (D:4)
  2 worms
  A dart slug (D:3)
  8 orcs
  3 ball pythons
  7 endoplasms
  2 giant cockroaches
  3 goblins
  6 hobgoblins
  3 jackals (D:2)
  A quokka (D:1)
  2 bats (D:1)
  5 frilled lizards (D:1)
  A kobold (D:1)
  4 rats
57 creatures vanquished.

Notes
Turn   | Place    | Note
-------+----------+-------------------------------------------
     0 | Abyss:1  | Toastz the Formicid Abyssal Knight began the quest for the
                  | Orb.
     0 | Abyss:1  | Reached XP level 1. HP: 18/18 MP: 2/2
    30 | Abyss:1  | Noticed a large abomination
    52 | Abyss:1  | Noticed an alligator snapping turtle zombie
    55 | D:1      | Escaped the Abyss
    92 | D:1      | Reached ** piety under Lugonu
   209 | D:1      | Reached XP level 2. HP: 22/24 MP: 3/3
  1056 | D:2      | Reached XP level 3. HP: 29/30 MP: 4/4
  1068 | D:2      | Found Vaso's Antique Weapon Shop.
  1070 | D:2      | Reached skill level 3 in Maces & Flails
  1443 | D:2      | Found Hexomyn's Assorted Antiques.
  1448 | D:2      | Noticed Sigmund
  1460 | D:2      | Killed Sigmund
  1461 | D:2      | Reached skill level 4 in Maces & Flails
  1461 | D:2      | Reached XP level 4. HP: 3/38 MP: 5/5
  1461 | D:2      | Reached XP level 5. HP: 3/43 MP: 6/6
  1755 | D:2      | Found Uklov's Magic Scroll Emporium.
  1763 | D:2      | Bought a scroll of identify for 22 gold pieces
  1763 | D:2      | Bought a scroll of identify for 22 gold pieces
  1763 | D:2      | Bought a scroll of identify for 22 gold pieces
  1763 | D:2      | Bought a scroll of identify for 22 gold pieces
  1782 | D:2      | Reached skill level 5 in Maces & Flails
  1782 | D:2      | Reached XP level 6. HP: 44/50 MP: 7/7
  3021 | D:4      | Reached skill level 5 in Fighting
  3465 | D:4      | Reached XP level 7. HP: 39/56 MP: 8/8
  4125 | D:5      | Entered Level 5 of the Dungeon
  4140 | D:5      | Found a staircase to the Ecumenical Temple.
  4154 | D:5      | Reached skill level 6 in Maces & Flails
  4389 | D:5      | Slain by a gnoll

Illustrated notes

Levels and vault maps discovered:
D:1:      lightli_molten_gateway, layout_loops_ring, st_stairs_3,
          minmay_tromino_i2
D:2:      layout_basic, serial_shops, nicolae_shop_stone, nicolae_shop_crystal,
          shop, uniq_sigmund
D:3:      layout_loops_corners, bh_walls_and_bars
D:4:      layout_gridville, serial_bayou_ford_a
D:5:      layout_basic, minmay_temple_entry_overgrown, uniq_menkaure

Skill      XL: |  1  2  3  4  5  6  7 |
---------------+----------------------+-----
Maces & Flails | 4 5 6 |  6.1
Fighting       | 4 5 |  5.5
Armour         | |  2.3
Dodging        | |  0.8
Invocations    | |  2.1

Action                   |  1- 3 |  4- 6 |  7- 9 || total
-------------------------+-------+-------+-------++-------
Melee: Mace              |    72 |    81 |    15 ||   168
       Punch             |     1 |     2 |       ||     3
Throw: Stone             |       |    24 |     7 ||    31
       Boomerang         |       |     2 |       ||     2
Invok: Depart the Abyss  |     1 |       |       ||     1
 Abil: Dig               |       |     2 |       ||     2
       Shaft Self        |       |       |     1 ||     1
  Use: Scroll            |     1 |     7 |       ||     8
Armor: Leather armour    |     4 |       |       ||     4
       Ring mail         |    17 |    22 |       ||    39
       Chain mail        |       |       |     3 ||     3
Dodge: Dodged            |    48 |    33 |     3 ||    84

Table legend: (Time is in decaauts)
 A = Elapsed time spent in this place.
 B = Non-inter-level travel time spent in this place.
 C = Inter-level travel time spent in this place.
 D = Time resting spent in this place.
 E = Time spent auto-exploring this place.
 F = Levels seen in this place.
 G = Mean time per level.
                   A        B        C        D        E       F      G
               +--------+--------+--------+--------+--------+-----+--------+
         Total |   4426 |   4288 |    138 |    455 |   3238 |   6 |  737.7 |
       Dungeon |   4371 |   4233 |    138 |    455 |   3238 |   5 |  874.2 |
         Abyss |     55 |     55 |      0 |      0 |      0 |   1 |   55.0 |
               +--------+--------+--------+--------+--------+-----+--------+

Top non-repeatable levels by time:
     D:4: 1152 daAuts
     D:3: 1105 daAuts
     D:1: 928 daAuts
     D:2: 919 daAuts
     D:5: 265 daAuts
 Abyss:1: 55 daAuts
